 Dungeon Crawl Stone Soup version 0.21.1 (webtiles) character file.

961 FullBlownAIDS the Ruffian (level 8, -7/58 HPs)
             Began as an Octopode Fighter on Feb 3, 2018.
             Mangled by an ogre
             ... wielding a +0 giant spiked club
              (20 damage)
             ... on level 4 of the Dungeon.
             The game lasted 00:06:19 (4217 turns).

FullBlownAIDS the Ruffian (Octopode Fighter)        Turns: 4217, Time: 00:06:20

Health: -7/58      AC:  1    Str: 17    XL:     8   Next: 15%
Magic:  8/8        EV: 18    Int: 11    God:
Gold:   150        SH:  0    Dex: 11    Spells: 7/7 levels left

rFire    . . .     SeeInvis .     - Unarmed
rCold    + . .     Gourm    .   (no shield)
rNeg     . . .     Faith    .   (helmet restricted)
rPois    +         Spirit   .   (no amulet)
rElec    .         Reflect  .   m - ring of poison resistance
rCorr    .         Harm     .   a - +4 ring of evasion
MR       .....                  B - ring of protection from cold
Stlth    ++........             (no ring)
HPRegen  0.19/turn              (no ring)
MPRegen  0.11/turn              (no ring)
                                (no ring)
                                (no ring)

@: no status effects
A: almost no armour, stealthy swim, amphibious, 8 rings, constrict 8, camouflage
1, gelatinous body 1
a: no special abilities


You were on level 4 of the Dungeon.
You were not hungry.

You visited 1 branch of the dungeon, and saw 4 of its levels.

You collected 150 gold pieces.

Inventory:

Missiles
 l - 39 bolts
 w - 10 tomahawks (quivered)
Jewellery
 a - a +4 ring of evasion (right tentacle)
 m - a ring of poison resistance (left tentacle)
 B - a ring of protection from cold (on tentacle)
Wands
 t - a wand of flame (17)
 x - a wand of disintegration (19)
 y - a wand of random effects (32)
Scrolls
 f - 4 scrolls of remove curse {unknown}
 g - a scroll of blinking {unknown}
 h - 3 scrolls of teleportation {unknown}
 k - 3 scrolls of identify {unknown}
 n - a scroll of fear {unknown}
 p - a scroll of magic mapping {unknown}
 q - a scroll of enchant armour {unknown}
 r - 4 scrolls of random uselessness {unknown}
 v - a scroll of enchant weapon {unknown}
Potions
 b - a potion of might
 d - a potion of heal wounds
 e - a potion of degeneration
 i - a potion of flight {unknown}
 j - a potion of haste {unknown}
 s - 2 potions of lignification {unknown}
 u - a potion of brilliance {unknown}
 A - a potion of resistance {unknown}
Comestibles
 c - 9 rations


   Skills:
 + Level 6.7 Fighting
 - Level 3.0 Dodging
   Level 3.0 Shields
 + Level 7.1 Unarmed Combat


You had 7 spell levels left.
You didn't know any spells.

Dungeon Overview and Level Annotations

Branches:
Dungeon (4/15)
 Temple: D:4-7

Altars:

Shops:
D:4 =


Innate Abilities, Weirdness & Mutations

You cannot wear most types of armour.
You are very stealthy in the water. (Stealth+)
You are amphibious.
You can wear up to eight rings at the same time.
You can use your tentacles to constrict eight enemies at once.
Your skin changes colour to match your surroundings (Stealth+).
Your rubbery body absorbs attacks. (AC +1, EV +1)


Message History

You throw a tomahawk. The tomahawk barely misses the ogre.
Throwing (i - inventory):
w - 11 tomahawks (quivered)
Press: ? - help, Shift-Dir - straight line, f/p - ogre
Aim: an ogre, wielding a giant spiked club (lightly wounded)
You throw a tomahawk. The tomahawk closely misses the ogre.
The ogre hits you with a giant spiked club!!
You bludgeon the ogre!
The ogre is heavily wounded.
The orc hits you from afar with a scythe.
You barely miss the ogre.
The ogre is heavily wounded.
The ogre hits you with a giant spiked club!!
* * * LOW HITPOINT WARNING * * *
Unknown command.
You tentacle-slap the ogre but do no damage.
You tentacle-slap the ogre. Your squeeze misses the ogre.
The ogre is heavily wounded.
The orc misses you.
The ogre hits you with a giant spiked club!!
You die...

#.....# ### ###.....### ..##
###......$..
..###...#.....#######
###.!...#.............#
#.................(...# .#
##.###........o.(...!..#.
.####......###...............
................@O.....(?...#
##...########.#######.......#
....## #..# #.......# .(..##
##..# #.......# ##...# ##...#
#.......# ##.#.#####..#.#
#.......# ..<...[....######
####.##.# ##.).....†###...#
.# # #........###...# .#


You could see an ogre and an orc.

Vanquished Creatures
  The ghost of khargal the Covert, an amateur OpEn (D:3)
  Sigmund (D:4)
  An ogre (D:4)
  A scorpion (D:4)
  A howler monkey (D:4)
  3 electric eels (D:3)
  A crimson imp (D:3)
  An orc priest (D:3)
  A worker ant (D:4)
  Terence (D:2)
  An iguana (D:4)
  A howler monkey skeleton (D:4)
  6 adders
  4 gnolls (D:2)
  An ooze (D:1)
  A worm (D:4)
  5 dart slugs
  3 leopard geckos
  4 orcs
  12 bats
  5 giant cockroaches
  12 goblins
  11 hobgoblins
  A jackal (D:1)
  A ball python (D:2)
  7 frilled lizards
  7 kobolds
  7 rats
101 creatures vanquished.

Notes
Turn   | Place    | Note
-------+----------+-------------------------------------------
     0 | D:1      | FullBlownAIDS the Octopode Fighter began the quest for the Orb.
     0 | D:1      | Reached XP level 1. HP: 16/16 MP: 1/1
   170 | D:1      | Reached XP level 2. HP: 21/21 MP: 2/2
   201 | D:1      | Reached skill level 3 in Unarmed Combat
   248 | D:1      | Reached XP level 3. HP: 19/26 MP: 3/3
  1157 | D:2      | Reached skill level 4 in Unarmed Combat
  1157 | D:2      | Reached XP level 4. HP: 31/31 MP: 4/4
  1333 | D:2      | Noticed Terence
  1409 | D:2      | Killed Terence
  1409 | D:2      | Reached XP level 5. HP: 11/37 MP: 5/5
  1999 | D:3      | Found a transporter.
  2025 | D:3      | Noticed khargal's ghost (amateur OpEn)
  2057 | D:3      | Killed khargal's ghost
  2057 | D:3      | Reached skill level 5 in Unarmed Combat
  2057 | D:3      | Reached XP level 6. HP: 11/44 MP: 6/6
  2521 | D:3      | Found a transporter.
  2547 | D:3      | Reached skill level 5 in Fighting
  2928 | D:3      | Reached XP level 7. HP: 26/50 MP: 7/7
  3239 | D:3      | Reached skill level 6 in Unarmed Combat
  4125 | D:4      | Noticed Sigmund
  4131 | D:4      | Killed Sigmund
  4131 | D:4      | Reached skill level 7 in Unarmed Combat
  4131 | D:4      | Reached XP level 8. HP: 49/58 MP: 8/8
  4167 | D:4      | Found Ybull's Jewellery Shop.
  4217 | D:4      | Mangled by an ogre

Skill      XL: |  1  2  3  4  5  6  7 |
---------------+----------------------+-----
Unarmed Combat | 3 4 5 7 |  7.1
Fighting       | 4 5 6 |  6.7
Dodging        | |  3.0
Shields        | |  3.0

Action                   |  1- 3 |  4- 6 |  7- 9 || total
-------------------------+-------+-------+-------++-------
Melee: Unarmed           |    77 |   113 |    47 ||   237
       Constrict         |    24 |    21 |    12 ||    57
       Tentacles         |    14 |    19 |    12 ||    45
       Punch             |     3 |     3 |     4 ||    10
Throw: Throwing net      |       |       |     1 ||     1
       Tomahawk          |       |       |     3 ||     3
Evoke: Wand              |       |     3 |     3 ||     6
  Use: Potion            |       |     1 |       ||     1
 Stab: Sleeping          |     8 |     1 |       ||     9
  Eat: Chunk             |       |     6 |     4 ||    10
Armor: Skin              |     5 |     7 |     1 ||    13
Dodge: Dodged            |    54 |    76 |    38 ||   168
Block: Shield            |     5 |       |       ||     5
